 Dungeon Crawl Stone Soup version 0.32-a0-558-g233958a4c4 (webtiles) character file.

Game seed: 12706186949738212374

847 seren the Slasher (level 8, -5/51 (60) HPs)
             Began as a Coglin Gladiator on Feb 29, 2024.
             Slain by a wight
             ... wielding a +2 morningstar
              (12 damage)
             ... on level 8 of the Dungeon.
             The game lasted 00:07:56 (4226 turns).

seren the Slasher (Coglin Gladiator)                Turns: 4226, Time: 00:07:57

HP:   -5/51 (60)    AC: 11    Str: 16    XL:     8   Next: 1%
MP:   8/8           EV:  8    Int:  9    God:
Gold: 210           SH:  0    Dex: 15    Spells: 7/7 levels left

rFire   . . .        a - +0 long sword {Adalbert}
rCold   . . .        h - +0 long sword {Tiberius}
rNeg    . . .        f - +0 chain mail
rPois   .            c - +0 helmet
rElec   .            (no cloak)
rCorr   .            (no gloves)
SInv    .            k - +0 pair of boots
Will    .....        (amulet unavailable) Stlth
                     (ring unavailable)
HPRegen 0.28/turn    (ring unavailable)
MPRegen 0.11/turn    (no gizmo)

%: no passive effects
@: heavily drained, revved
A: off-hand wielding, slow wielding, warmup strikes, no jewelry
a: Invent Gizmo


You were on level 8 of the Dungeon.
You visited 1 branch of the dungeon, and saw 6 of its levels.

You collected 210 gold pieces.

Inventory:

Hand Weapons
 a - a +0 long sword (weapon) {Adalbert}
 h - a +0 long sword (offhand) {Tiberius}
Missiles
 d - 3 throwing nets (quivered) {!f}
 e - 4 javelins
 m - 5 curare-tipped darts
Armour
 b - a +0 leather armour
 c - a +0 helmet (worn)
 f - a +0 chain mail (worn)
 k - a +0 pair of boots (worn)
Wands
 w - a wand of light (13)
 y - a wand of digging (4)
Scrolls
 g - 2 scrolls of noise
 o - 2 scrolls of blinking {!r}
 p - a scroll of amnesia {unknown}
 q - 2 scrolls of poison
 u - 2 scrolls of teleportation {unknown}
 x - a scroll of vulnerability {unknown}
 A - a scroll of silence {unknown}
 B - a scroll of fear {unknown}
Potions
 i - a potion of haste
 j - 5 potions of curing
 l - 2 potions of mutation {!q}
 n - 2 potions of enlightenment
 r - a potion of attraction {unknown}
 s - a potion of resistance {unknown}
 v - 3 potions of lignification
 z - a potion of magic {unknown}


   Skills:
 + Level 3.8 Fighting
 * Level 5.4 Long Blades
 + Level 3.5 Throwing
 + Level 2.8 Armour
 + Level 4.0 Dodging
 * Level 3.4 Evocations


You had 7 spell levels left.
You didn't know any spells.
Your spell library contained the following spells:

 Spells                   Type           Power      Damage    Failure   Level
 Kiss of Death            Conj/Necr      0%         2d5       99%         1
 Necrotise                Necr           0%         1d4       99%         1
 Sting                    Conj/Alch      0%         1d3       99%         1
 Summon Small Mammal      Summ           0%         N/A       99%         1
 Mercury Vapours          Alch/Air       0%         N/A       100%        2
 Call Canine Familiar     Summ           0%         N/A       100%        3
 Confusing Touch          Hex            0%         N/A       100%        3
 Fugue of the Fallen      Necr           0%         N/A       100%        3
 Ozocubu's Armour         Ice            0%         N/A       100%        3
 Tukima's Dance           Hex            0%         N/A       100%        3
 Vampiric Draining        Necr           0%         2d6       100%        3
 Dispel Undead            Necr           0%         3d6       100%        4
 Manifold Assault         Tloc           0%         N/A       100%        4
 Martyr's Knell           Necr/Summ      0%         N/A       100%        4
 Olgreb's Toxic Radiance  Alch           0%         N/A       100%        4
 Passage of Golubria      Tloc           0%         N/A       100%        4
 Summon Blazeheart Golem  Fire/Summ      0%         N/A       100%        4
 Curse of Agony           Necr           0%         N/A       100%        5
 Yara's Violent Unravell  Hex/Alch       0%         3d3       100%        5
 Chain Lightning          Conj/Air       0%         N/A       100%        9
 Fire Storm               Conj/Fire      0%         5d1       100%        9
 Shatter                  Erth           0%         3d5*      100%        9


Dungeon Overview and Level Annotations

Branches:
Dungeon (8/15)
 Temple: D:4-7         Lair: D:8-11

Altars:
Elyvilon
Hepliaklqana
Makhleb
Okawaru
Trog
The Shining One

Shops:
D:3 =   D:4 :   D:5 *


Innate Abilities, Weirdness & Mutations

You can wield a second weapon in your off-hand.
It takes a long time for you to wield or remove held weapons.
Your first few attacks do less damage.
You cannot equip rings or amulets.


Message History

The centaur barely misses you. The centaur closely misses you.
You barely miss the centaur with your +0 long sword.
The centaur is almost dead.
You hit the centaur with your +0 long sword.
The centaur hits you but does no damage.
The centaur closely misses you.
The wight hits you with a +2 morningstar.
* * * LOW HITPOINT WARNING * * *
You feel drained.
* * * LOW HITPOINT WARNING * * *
The centaur barely misses you.
The centaur kicks you but does no damage.
You hit the centaur with your +0 long sword.
The centaur is almost dead.
You hit the centaur but do no damage.
The centaur hits you but does no damage.
The centaur closely misses you.
The wight hits you with a +2 morningstar.
* * * LOW HITPOINT WARNING * * *
You feel drained.
You closely miss the centaur with your +0 long sword.
The centaur is almost dead.
You hit the centaur but do no damage.
The centaur hits you but does no damage.
The centaur kicks you but does no damage.
The wight hits you with a +2 morningstar!
* * * LOW HITPOINT WARNING * * *
The centaur hits you.
* * * LOW HITPOINT WARNING * * *
The centaur kicks you but does no damage.
The wight hits you with a +2 morningstar.
* * * LOW HITPOINT WARNING * * *
You feel drained.
* * * LOW HITPOINT WARNING * * *
You hit the centaur but do no damage.
The centaur is almost dead.
You hit the centaur with your +0 long sword.
You kill the centaur!
The wight hits you with a +2 morningstar!
You die...

##### #...#
#####
#.#.###...#
#.#.....#.#
#.###...#.######
#.#.......[#...
#....####..##)#
#.#...z..z.##@#
####.#####.##z#
.......># #.##.#
####.##.# #.$..#
# #.# ###### #..
#.# #.# #.#


You could see a wight.

Vanquished Creatures
  Sigmund (D:3)
  A black bear (D:5)
  A centaur (D:8)
  A phantom (D:4)
  A scorpion (D:5)
  A howler monkey (D:5)
  A hound (D:5)
  2 orc priests (D:5)
  Jessica (D:3)
  2 iguanas
  4 orc wizards
  Terence (D:2)
  5 adders
  A shadow imp (D:5)
  A dart slug (D:1)
  11 orcs
  6 bats
  4 endoplasms
  4 giant cockroaches
  5 goblins
  8 hobgoblins
  7 jackals
  8 kobolds
  6 quokkas
  7 ball pythons
  3 frilled lizards
  4 rats
97 creatures vanquished.

Notes
Turn   | Place    | Note
-------+----------+-------------------------------------------
     0 | D:1      | seren the Coglin Gladiator began the quest for the Orb.
     0 | D:1      | Reached XP level 1. HP: 16/16 MP: 1/1
   216 | D:1      | Reached XP level 2. HP: 22/22 MP: 2/2
   735 | D:2      | Reached XP level 3. HP: 27/27 MP: 3/3
   864 | D:2      | Reached skill level 1 in Armour
  1078 | D:2      | Noticed Terence
  1096 | D:2      | Killed Terence
  1097 | D:2      | Reached XP level 4. HP: 12/34 MP: 4/4
  1615 | D:3      | Reached XP level 5. HP: 16/40 MP: 5/5
  1758 | D:3      | Found a faded altar of an unknown god.
  1974 | D:3      | Noticed Jessica
  1999 | D:3      | Killed Jessica
  2000 | D:3      | Reached skill level 4 in Long Blades
  2069 | D:3      | Found Teifatan's Jewellery Shop.
  2186 | D:3      | Noticed Sigmund
  2205 | D:3      | Killed Sigmund
  2206 | D:3      | Reached XP level 6. HP: 18/47 MP: 6/6
  2495 | D:3      | Found a bloodstained altar of Trog.
  2620 | D:3      | Found a white marble altar of Elyvilon.
  2815 | D:4      | Found a burning altar of Makhleb.
  2859 | D:4      | Found an iron altar of Okawaru.
  2931 | D:4      | Reached skill level 1 in Evocations
  2931 | D:4      | Reached XP level 7. HP: 52/52 MP: 7/7
  3342 | D:4      | Found Jetzus's Self-Improvement Boutique.
  3402 | D:4      | Found a hazy altar of Hepliaklqana.
  3448 | D:5      | Entered Level 5 of the Dungeon
  3806 | D:5      | Reached skill level 5 in Long Blades
  3826 | D:5      | Found a glowing golden altar of the Shining One.
  3894 | D:5      | Found Jecatic's Assorted Antiques.
  4162 | D:5      | Reached XP level 8. HP: 57/60 MP: 8/8
  4184 | D:5      | You fall into a shaft and drop 3 floors!
  4226 | D:8      | Slain by a wight

Illustrated notes

Levels and vault maps discovered:
D:1:      dpeg_arrival_shrine, layout_basic
D:2:      layout_loops_ring, uniq_terence
D:3:      layout_basic, elyvilon_altar_3, trog_hazing_becter, serial_shops,
          nicolae_square_shop, dreamdust_ecumenical_altar_angels_and_demons,
          ebering_dispersal_statue_hall, uniq_jessica, uniq_sigmund
D:4:      kennysheep_big_flooded_room, layout_loops_ring, kennysheep_mini_moat,
          nicolae_hepliaklqana_hippocampus, okawaru_ov_weapons_minmay,
          dk_noncrumbling_4, minmay_misc_feat_five, nicolae_shop_self_help
D:5:      layout_basic, nicolae_sif_muna_little_library,
          nicolae_tso_carved_into_rock, serial_shops, nicolae_shop_stone,
          kennysheep_diamond
D:8:      layout_basic, minmay_nine_imps, uniq_grum

Skill      XL: |  1  2  3  4  5  6  7 |
---------------+----------------------+-----
Throwing       | 2 3 |  3.5
Armour         | 1 2 |  2.8
Dodging        | 3 4 |  4.0
Long Blades    | 4 5 |  5.4
Fighting       | 3 |  3.8
Evocations     | 1 3 |  3.4

Action                     |  1- 3 |  4- 6 |  7- 9 || total
---------------------------+-------+-------+-------++-------
  Melee: Long sword        |    96 |   157 |   143 ||   396
    Use: Scroll            |     3 |     2 |     4 ||     9
         Potion            |     1 |     1 |       ||     2
 Armour: Chain mail        |    63 |    73 |    78 ||   214
  Dodge: Dodged            |    26 |    56 |    35 ||   117

Table legend: (Time is in decaauts)
 A = Elapsed time spent in this place.
 B = Non-inter-level travel time spent in this place.
 C = Inter-level travel time spent in this place.
 D = Time resting spent in this place.
 E = Time spent auto-exploring this place.
 F = Levels seen in this place.
 G = Mean time per level.
                   A        B        C        D        E       F      G
               +--------+--------+--------+--------+--------+-----+--------+
         Total |   4256 |   4111 |    145 |    324 |   3013 |   6 |  709.3 |
       Dungeon |   4256 |   4111 |    145 |    324 |   3013 |   6 |  709.3 |
               +--------+--------+--------+--------+--------+-----+--------+

Top non-repeatable levels by time:
     D:3: 1177 daAuts
     D:2: 817 daAuts
     D:5: 743 daAuts
     D:4: 742 daAuts
     D:1: 732 daAuts
     D:8: 42 daAuts
